[Event "*** Titled Tuesday Blitz"]
[Site "Chess.com"]
[Date "2021.04.20"]
[Round "8"]
[White "mac0504"]
[Black "seorobert1971"]
[Result "1/2-1/2"]
[WhiteElo "2605"]
[BlackElo "2720"]
[TimeControl "180+1"]
[EndTime "11:27:33 PDT"]
[Termination "Game drawn - insufficient material"]

1. e4 e5 2. Nf3 Nc6 3. Bb5 a6 4. Ba4 Nf6 5. O-O b5 6. Bb3 Be7 7. Re1 O-O 8. a4 Bb7 9. d3 d6 10. Nc3 Na5 11. Ba2 b4 12. Ne2 c5 13. Ng3 Bc8 14.
Nd2 Be6 15. Nc4 Nxc4 16. Bxc4 Bxc4 17. dxc4 g6 18. Bh6 Re8 19. Qf3 Bf8 20. Bg5 Be7 21.
Bxf6 Bxf6 22. Rad1 Qe7 23. Nf1 Bg5 24. g3 h5 25. Rd3 Qe6 26. b3 a5 27. Ne3 Bxe3 28.
Qxe3 Ra6 29. Red1 Qf6 30. Qd2 Re6 31. Qe2 h4 32. Qg4 hxg3 33. hxg3 Kg7 34. Kg2 Ra8 35. Rf3 Qe7 36. Rh1 Rh8 37. Rxh8 Kxh8 38. Rd3 Kg7 39. Qd1 Qb7 40. Rd5 Qc6 41. Qd3 Rf6 42.
c3 bxc3 43. Qxc3 Qb6 44. f4 exf4 45. g4 Qb4 46. Qxb4 f3+ 47. Kf2 axb4 48. a5 Rf4 49. a6 Rxe4 50. a7 Re2+ 51. Kxf3 Ra2 52. Rxd6 Rxa7 53.
Rd5 Ra3 54. Rxc5 Rxb3+ 55. Kf2 Rc3 56. Rc7 Kf6 57. c5 b3 58. Rb7 Rxc5 59. Rxb3 Kg5 60.
Rb7 Kxg4 61. Rxf7 Rf5+ 62. Rxf5 Kxf5 63. Kf3 Kg5 64. Kg3 Kf6 65. Kf4 g5+ 66. Kg4 Ke7 67.
Kxg5 1/2-1/2

[Event "*** Titled Tuesday Blitz"]
[Site "Chess.com"]
[Date "2021.04.20"]
[Round "8"]
[White "MatyChess1"]
[Black "Diaschess88"]
[Result "0-1"]
[WhiteElo "2632"]
[BlackElo "2518"]
[TimeControl "180+1"]
[EndTime "11:27:33 PDT"]
[Termination "Diaschess88 won by resignation"]

1. e4 c6 2. Nf3 d5 3. Nc3 Bg4 4. h3 Bxf3 5. Qxf3 e6 6. Be2 Nd7 7. O-O Ngf6 8. Rd1 d4 9. Nb1 Ne5 10. Qg3 d3 11. cxd3 Qd4 12. Na3 Bxa3 13. Rb1 Bd6 14.
b4 Ng6 15. Qf3 Qe5 16. g3 Qg5 17. Kh1 h5 18. d4 h4 19. d3 Qb5 20. g4 Be7 21. Be3 Nh7 22. Rdc1 Ng5 23. Qg2 Bd6 24. e5 Be7 25. f4 Nh7 26. f5 Ngf8 27. Rf1 Bg5 28. Qe4 Qd5 29. Rf3 Bxe3 30. Rxe3 Ng5 31. Qg2 Kd7 32. Qxd5+ exd5 33. Bd1 Re8 34. b5 f6 35. bxc6+ bxc6 36. Ba4 fxe5 37. dxe5 Rh6 38. Rc1 Rb8 39. e6+ Nfxe6 40. Bxc6+ Kd6 41. fxe6 Nxe6 42. Ba4 Nd4 43. Rf1 Rf6 44. Rxf6+ gxf6 45. Re1 Rb2 46.
Bb3 Nf3 47. Re2 Rxe2 0-1

[Event "*** Titled Tuesday Blitz"]
[Site "Chess.com"]
[Date "2021.04.20"]
[Round "8"]
[White "dpopadic"]
[Black "volunteers1998"]
[Result "1/2-1/2"]
[WhiteElo "2367"]
[BlackElo "2193"]
[TimeControl "180+1"]
[EndTime "11:27:33 PDT"]
[Termination "Game drawn by repetition"]

1. e4 c5 2. Nc3 Nc6 3. f4 e6 4. Nf3 d5 5. Bb5 Ne7 6. d3 d4 7.
Bxc6+ Nxc6 8. Ne2 Be7 9. O-O O-O 10. Bd2 b5 11. Qe1 Bb7 12. Qg3 Qc7 13. Qh3 a5 14. f5 e5 15. Ng3 f6 16. Nh4 c4 17. Ng6 Rfe8 18. Qh5 Nb4 19. Bxb4 Bxb4 20. Rad1 c3 21. b3 a4 22. Nh1 axb3 23. axb3 Ra2 24. Rf2 Rea8 25.
Nh4 Ra1 26. Rxa1 Rxa1+ 27. Rf1 Ra2 28. Qe8+ Bf8 29. Rc1 Qc6 30. Qd8 Ra8 31. Qd5+ Qxd5 32. exd5 Bxd5 33. Nf3 Bxf3 34. gxf3 g6 35. Ng3 Ra2 36.
Ne4 Bh6 37. Rb1 Rxc2 38. fxg6 hxg6 39. Nxf6+ Kf7 40. Nd7 Rb2 41. Re1 Rxb3 42. Nxe5+ Kg8 43. Ng4 Bf4 44. Nf6+ Kf7 45. Nd5 Rb1 46. Rxb1 c2 47. Ra1 c1=Q+ 48. Rxc1 Bxc1 49. Kf1 Bd2 50. Ke2 Bc3 51. Kd1 b4 52. Kc2 Ke6 53. Nf4+ Kf5 54.
Nd5 Ke6 55. Nf4+ Kf5 56. Nd5 Ke6 1/2-1/2

[Event "*** Titled Tuesday Blitz"]
[Site "Chess.com"]
[Date "2021.04.20"]
[Round "8"]
[White "NovikovaGalina"]
[Black "IANOV0007"]
[Result "0-1"]
[WhiteElo "2305"]
[BlackElo "2465"]
[TimeControl "180+1"]
[EndTime "11:27:34 PDT"]
[Termination "IANOV0007 won on time"]

1. e4 d6 2. d4 Nf6 3. Nc3 c6 4.
f3 Qb6 5. Bc4 e6 6. Nge2 d5 7.
Bb3 Nbd7 8. e5 Ng8 9. f4 h5 10.
O-O Ne7 11. Kh1 Nf5 12. Na4 Qd8 13. Ng3 Nxg3+ 14. hxg3 g6 15. c3 b5 16. Nc5 Nxc5 17.
dxc5 Bxc5 18. Bc2 Bd7 19. Qf3 a5 20. a4 b4 21. Be3 Qb6 22. Bxc5 Qxc5 23. Rad1 bxc3 24.
bxc3 Rb8 25. Rb1 Ke7 26. f5 exf5 27. Qf4 Be6 28. Qg5+ Kd7 29. c4 Qxc4 30. Rbc1 Qg4 31. Qe3 d4 32. Rcd1 c5 33. Rf4 Kc7 34. Qe1 Qg5 35.
Qxa5+ Kc6 36. Qa6+ Rb6 37. Qf1 Qxg3 38. Rf3 Qg4 39.
Bd3 Rhb8 40. Bb5+ Kc7 41. Rc1 Kd8 42. Rxc5 h4 43. Rd3 Ke7 44. Qg1 Kf8 45. Rxd4 Qg5 46. Rd1 Kg7 47. Rc7 R6b7 48. Rxb7 Rxb7 49. Qf2 Rb8 50.
a5 Rxb5 51. a6 Ra5 52. a7 Ra3 53. Qe2 h3 0-1

[Event "*** Titled Tuesday Blitz"]
[Site "Chess.com"]
[Date "2021.04.20"]
[Round "8"]
[White "Cambek64"]
[Black "barbara25"]
[Result "1-0"]
[WhiteElo "2471"]
[BlackElo "2312"]
[TimeControl "180+1"]
[EndTime "11:27:35 PDT"]
[Termination "Cambek64 won by resignation"]

1. e4 c5 2. Nc3 a6 3. f4 b5 4. Nf3 Bb7 5. d3 e6 6. g3 Ne7 7. Bg2 d5 8. e5 h5 9. Ne2 Nf5 10. d4 g6 11. c3 Nd7 12. h3 Qc7 13. O-O Be7 14. Qd3 O-O-O 15. Be3 f6 16. exf6 Bxf6 17. Ne5 Bxe5 18. fxe5 Rdf8 19. Bg5 Kb8 20. a4 Qb6 21. Kh2 Qc6 22. axb5 axb5 23. Qd2 Qb6 24. b4 c4 25. Rf4 Kc7 26. Rff1 Kb8 27. Nf4 Rfg8 28. Bf3 h4 29. gxh4 Nxh4 30. Bxh4 Rxh4 31. Bg4 Nf8 32. Kg3 Rgh8 33. Ng2 R4h7 34. Rf6 Qd8 35. Raf1 Nd7 36. Rxe6 Bc8 37. Rxg6 Nb6 38. Qg5 Qc7 39.
Rff6 Na8 40. Rc6 Qf7 41. Qf6 Qxf6 42. Rgxf6 Bxg4 43. hxg4 Rh3+ 44. Kf4 Rxc3 45. Ne3 Rh3 46. Nxd5 Rcf3+ 47. Ke4 Rfg3 48. Rf4 c3 49. Rc5 Nc7 50. Rxc7 Re3+ 51. Nxe3 Kxc7 52. Rf2 1-0

[Event "*** Titled Tuesday Blitz"]
[Site "Chess.com"]
[Date "2021.04.20"]
[Round "8"]
[White "ChelsieMonica"]
[Black "LamaChampetre"]
[Result "0-1"]
[WhiteElo "2383"]
[BlackElo "2222"]
[TimeControl "180+1"]
[EndTime "11:27:35 PDT"]
[Termination "LamaChampetre won by resignation"]

1. e4 c5 2. Nf3 g6 3. Nc3 Nc6 4.
Be2 Bg7 5. O-O Nf6 6. h3 O-O 7. d4 cxd4 8. Nxd4 d5 9. Nxc6 bxc6 10. Bf3 Bb7 11. exd5 cxd5 12. Re1 Re8 13. Bf4 Qb6 14. Be5 Rad8 15. Bd4 Qa5 16. a3 Ne4 17. Bxg7 Kxg7 18. Bxe4 dxe4 19. Qe2 f5 20. Rad1 e5 21. Rxd8 Rxd8 22.
Rd1 Rd4 23. h4 Ba6 24. Qe3 Qd8 25. Rxd4 exd4 26. Qd2 Qd7 27. Na4 Qxa4 28. Qg5 Qd7 29. h5 d3 30. h6+ Kg8 31. cxd3 exd3 32. Qd2 Qe7 33. g3 Qe2 34. Qc3 Qd1+ 35. Kh2 Qh5+ 36.
Kg1 Qxh6 37. Qb3+ Kf8 38. Qb8+ Kf7 39. Qxa7+ Kg8 40. Qa8+ Qf8 41. Qxa6 Qd8 42. Qa4 d2 43. Qb3+ Kg7 44. Qd1 Qd3 45. Kg2 g5 46. f3 f4 47.
gxf4 gxf4 48. Kf2 Kf6 49. a4 Qe3+ 50. Kf1 h5 51. a5 h4 52. Kg2 Qe1 53. Qa4 Qg3+ 54.
Kf1 Qxf3+ 55. Kg1 d1=Q+ 56. Qxd1 Qxd1+ 57. Kf2 Qc2+ 58. Kf3 Qxb2 59. Kxf4 Qa3 0-1

[Event "*** Titled Tuesday Blitz"]
[Site "Chess.com"]
[Date "2021.04.20"]
[Round "8"]
[White "Vanina1989"]
[Black "Sanan_Sjugirov"]
[Result "0-1"]
[WhiteElo "2791"]
[BlackElo "2919"]
[TimeControl "180+1"]
[EndTime "11:27:37 PDT"]
[Termination "Sanan_Sjugirov won on time"]

1. d4 Nf6 2. c4 e6 3. Nf3 c5 4.
d5 exd5 5. cxd5 d6 6. Nc3 g6 7.
Bf4 a6 8. a4 Bg7 9. e3 O-O 10. h3 Qe7 11. Bd3 Nbd7 12. O-O Nh5 13. Bh2 f5 14. Qc2 Ne5 15. Nxe5 Bxe5 16. Bxe5 Qxe5 17.
Rae1 Bd7 18. a5 Rae8 19. Qb3 Bc8 20. f4 Qg7 21. Na4 g5 22. Nb6 gxf4 23. Nxc8 Rxc8 24.
exf4 c4 25. Bxc4 Qd4+ 26. Kh2 Rxc4 27. Qxb7 Rc2 28. Qe7 Nxf4 29. Qg5+ Ng6 30. Re6 Qg7 31. b4 f4 32. Qg4 Ne5 33. Qxg7+ Kxg7 34. Rxd6 f3 35. Re6 Rxg2+ 36. Kh1 Re2 37. d6 Rf7 38. b5 axb5 39. a6 Nc6 40. Rg1+ Kf8 41. Rh6 f2 42. Rf1 Re1 43. Kg2 Rxf1 44. Kxf1 b4 45. Rh4 b3 46. a7 Rxa7 47. Rf4+ Rf7 0-1

[Event "*** Titled Tuesday Blitz"]
[Site "Chess.com"]
[Date "2021.04.20"]
[Round "8"]
[White "Nozdrachev_Leonid"]
[Black "fyall777"]
[Result "1/2-1/2"]
[WhiteElo "2551"]
[BlackElo "2348"]
[TimeControl "180+1"]
[EndTime "11:27:38 PDT"]
[Termination "Game drawn by repetition"]

1. e4 e5 2. Nf3 Nf6 3. Nxe5 d6 4. Nf3 Nxe4 5. Nc3 Nf6 6. d4 Be7 7. Bd3 Bg4 8. h3 Bh5 9. g4 Bg6 10. d5 c6 11. Be3 Qa5 12. dxc6 Nxc6 13. Qd2 d5 14. Nb5 Bxd3 15. Qxa5 Nxa5 16. cxd3 O-O 17. Ke2 a6 18. Nbd4 Rfc8 19. Rhc1 Nd7 20. Bf4 Bf6 21. g5 Bxd4 22. Nxd4 Nc6 23. Nf5 g6 24.
Nd6 Nd4+ 25. Kf1 Rxc1+ 26. Rxc1 Ne6 27. Be3 Ne5 28. Ke2 b5 29. h4 Rd8 30. Nb7 Rb8 31.
Na5 d4 32. Bd2 b4 33. Nc6 Nxc6 34. Rxc6 a5 35. b3 Rb5 36. Kf3 Kg7 37. Ke4 Rf5 38. f4 Rb5 39. Bc1 f5+ 40. Kf3 Kf7 41. Bb2 Rc5 42. Rxc5 Nxc5 43. Bxd4 Nxd3 44. Bb6 Nc1 45. Bxa5 Nxa2 46. Ke3 Nc1 47. Bxb4 Nxb3 48. Kd3 Nc1+ 49. Kd2 Nb3+ 50. Kc3 Nc1 51. Kd2 Nb3+ 52. Kc3 Nc1 53. Kd2 1/2-1/2

[Event "*** Titled Tuesday Blitz"]
[Site "Chess.com"]
[Date "2021.04.20"]
[Round "8"]
[White "ajedrez1101"]
[Black "KacperPolOK"]
[Result "0-1"]
[WhiteElo "2159"]
[BlackElo "2363"]
[TimeControl "180+1"]
[EndTime "11:27:40 PDT"]
[Termination "KacperPolOK won on time"]

1. b3 e5 2. Bb2 Nc6 3. e3 Nf6 4. Bb5 d6 5. d4 exd4 6. Qxd4 Be7 7. Nc3 O-O 8. Qd2 a6 9. Bxc6 bxc6 10.
Nf3 Bg4 11. h3 Bh5 12. O-O-O a5 13. g4 Bg6 14. Nd4 c5 15. Nf5 Re8 16. f4 Qd7 17. Nxe7+ Qxe7 18. f5 Qxe3 19. Qxe3 Rxe3 20. fxg6 hxg6 21.
Nd5 Nxd5 22. Rxd5 Rae8 23. Rd3 Re2 24. Rd2 R2e3 25. a4 Rf3 26. h4 Re4 27. Rg2 Kh7 28.
g5 c4 29. bxc4 Rxc4 30. h5 gxh5 31. Rxh5+ Kg6 32. Rh8 d5 33. Rg8 d4 34. Rg4 c5 35.
Rg2 Rxa4 36. Rc8 Rc4 37. Kd2 a4 38. Bc1 Rfc3 39. Kd1 d3 40. Ra8 dxc2+ 41. Ke2 Kf5 42.
Rf2+ Kg6 43. Ra6+ Kh5 44. Rh2+ Kg4 45. Rg2+ Kf5 46. Rf2+ Ke5 47. Ra7 Re4+ 48. Kf1 Rh3 49. Raxf7 Rh1+ 50. Kg2 Rxc1 51. Re7+ Kd4 52. Rxc2 Rxc2+ 0-1

[Event "*** Titled Tuesday Blitz"]
[Site "Chess.com"]
[Date "2021.04.20"]
[Round "8"]
[White "vovachesss"]
[Black "MFBerna"]
[Result "1-0"]
[WhiteElo "2691"]
[BlackElo "2504"]
[TimeControl "180+1"]
[EndTime "11:27:41 PDT"]
[Termination "vovachesss won by resignation"]

1. Nf3 Nf6 2. d4 g6 3. Nc3 d5 4.
Bf4 Bg7 5. Nb5 Na6 6. e3 O-O 7.
Be2 c6 8. Nc3 Nc7 9. O-O Ne6 10.
Be5 Ne8 11. Bg3 Nd6 12. h3 b6 13. Nb1 Ne4 14. Bh2 c5 15. c3 Bb7 16. Nbd2 Nxd2 17. Qxd2 Qd7 18. Ne5 Qd8 19. Rfd1 Rc8 20.
Bf3 Ng5 21. Be2 Ne4 22. Qe1 f6 23. Nd3 cxd4 24. exd4 Qd7 25. f3 Nd6 26. Bf1 Rfe8 27. Qh4 Nc4 28. Re1 e5 29. b3 e4 30. bxc4 exd3 31.
Bxd3 dxc4 32. Be4 Bd5 33. Re2 f5 34. Bxd5+ Qxd5 35. Rae1 Qf7 36. Re7 Rxe7 37. Rxe7 Qf6 38.
Qxf6 Bxf6 39. Rxa7 Re8 40. Kf2 Bh4+ 41. Bg3 Bg5 42. Be5 Bh4+ 43. Ke3 Bg5+ 44. f4 Bh4 45. d5 Be1 46. Kd4 Bf2+ 47. Kxc4 Rc8+ 48. Kd3 b5 49. Rg7+ Kf8 50. Rxh7 Rd8 51. Rh8+ Ke7 52. Bf6+ Kxf6 53. Rxd8 1-0

[Event "*** Titled Tuesday Blitz"]
[Site "Chess.com"]
[Date "2021.04.20"]
[Round "8"]
[White "cukin84"]
[Black "chessbia"]
[Result "0-1"]
[WhiteElo "2130"]
[BlackElo "2320"]
[TimeControl "180+1"]
[EndTime "11:27:43 PDT"]
[Termination "chessbia won by checkmate"]

1. e4 c6 2. d4 d5 3. exd5 cxd5 4. Bd3 Nc6 5. c3 Nf6 6. h3 g6 7.
Nf3 Bg7 8. O-O O-O 9. Bf4 a6 10. Nbd2 b5 11. a3 Qb6 12. Qe2 Re8 13. Ne5 Na5 14. Rae1 Nc4 15. Nb3 a5 16. Bh2 Ba6 17. Nc5 e6 18. g4 Rad8 19. Kh1 Nd6 20. f4 Bb7 21. f5 exf5 22. gxf5 b4 23. axb4 axb4 24.
fxg6 hxg6 25. Qf2 bxc3 26. bxc3 Nde4 27. Bxe4 dxe4 28. Rb1 e3+ 29. Nxb7 Qxb1 30. Qf3 Qe4 31. Qxe4 Nxe4 32. Nxd8 Rxd8 33. Kg2 Nxc3 34. Re1 e2 35. Nc6 Re8 36. Kf2 Bf6 37. Bf4 Bh4+ 38. Bg3 Ne4+ 39. Kf3 Nxg3 40. Ne5 Kg7 41. Kf4 Nh5+ 42. Kg4 Bxe1 43.
Kf3 Ng3 44. Ke3 Bc3 45. Kf2 e1=Q+ 46. Kf3 Bxd4 47. Kg4 Bxe5 48. h4 Qe4+ 49. Kh3 Qh1+ 50. Kg4 f5+ 51. Kg5 Bf6+ 52. Kf4 Qe4+ 53. Kxg3 Qg4+ 54.
Kh2 Re2+ 55. Kh1 Qg2# 0-1

[Event "*** Titled Tuesday Blitz"]
[Site "Chess.com"]
[Date "2021.04.20"]
[Round "8"]
[White "vanyakuba"]
[Black "ZeZacarias"]
[Result "1-0"]
[WhiteElo "2397"]
[BlackElo "2166"]
[TimeControl "180+1"]
[EndTime "11:27:44 PDT"]
[Termination "vanyakuba won on time"]

1. e4 e6 2. d4 d5 3. exd5 exd5 4.
Nf3 Bg4 5. h3 Bh5 6. Qe2+ Qe7 7.
Be3 Nc6 8. Nc3 O-O-O 9. O-O-O Nf6 10. g4 Bg6 11. Ne5 Qe6 12. f4 Be4 13. Bg2 Bxg2 14. Qxg2 Bb4 15. Ne2 Ne4 16. f5 Qe8 17. Bf4 g5 18. fxg6 hxg6 19. Ng3 f6 20. Nxe4 dxe4 21. Nxc6 Qxc6 22. c3 Bd6 23. Rhf1 Qd5 24. Kb1 f5 25. gxf5 gxf5 26. Bg5 Rdg8 27. h4 Rxh4 28. Qd2 Rh2 29. Qc1 Qf7 30. c4 Bb4 31. Bf4 Bd6 32. Bxh2 Bxh2 33.
Rde1 Qg6 34. Qc2 Bd6 35. c5 Be7 36. Qf2 Rf8 37. d5 Bg5 38. Qd4 e3 39. d6 cxd6 40. cxd6 Kb8 41. Rc1 f4+ 42. Ka1 e2 43. Qc5 Qe6 44.
Qc7+ Ka8 45. Rfe1 f3 46. d7 Bxc1 47. Rxc1 1-0

[Event "*** Titled Tuesday Blitz"]
[Site "Chess.com"]
[Date "2021.04.20"]
[Round "8"]
[White "LifeIsAllAboutChess23"]
[Black "Agoking701"]
[Result "0-1"]
[WhiteElo "2136"]
[BlackElo "2306"]
[TimeControl "180+1"]
[EndTime "11:27:44 PDT"]
[Termination "Agoking701 won by resignation"]

1. d4 Nf6 2. Bg5 g6 3. Bxf6 exf6 4. e3 d5 5. Nd2 c6 6. Bd3 Be6 7. Ne2 Nd7 8. h4 f5 9. h5 Bd6 10. hxg6 fxg6 11. Nf4 Bf7 12. g4 Qe7 13. gxf5 Bxf4 14.
fxg6 Bg8 15. g7 Qxg7 16. exf4 Qxd4 17. Qe2+ Kf8 18. O-O-O Re8 19. Qf3 Qf6 20. Rde1 Rxe1+ 21. Rxe1 Bf7 22. Nf1 Nc5 23. Ng3 Nxd3+ 24. cxd3 h5 25.
Qe3 h4 26. Qc5+ Kg7 27. Ne2 Bh5 28. Rg1+ Kh6 29. Nd4 Qxf4+ 30. Kb1 Qf6 31. Qd6 Rf8 32. Nf5+ Kh7 33. Rg7+ Kh8 34. Qxf6 Rxf6 35. Rg5 Bg6 36.
Ne7 Kg7 37. Nxg6 Rxg6 38. Rh5 Rh6 39. Rg5+ Kf6 40. Rg2 h3 41. Rh2 Kf5 42. Kc2 Kf4 43. Kd2 Kf3 44. Ke1 d4 45. Kf1 c5 46. b3 b5 47. Rh1 a5 48. Rg1 h2 49. Rh1 Rh3 50.
a3 Rh4 51. Ke1 Kg2 52. f4 Kxh1 53. f5 Kg2 54. f6 Rf4 0-1

[Event "*** Titled Tuesday Blitz"]
[Site "Chess.com"]
[Date "2021.04.20"]
[Round "8"]
[White "BJthechessgod"]
[Black "Keks2017"]
[Result "1-0"]
[WhiteElo "2299"]
[BlackElo "2442"]
[TimeControl "180+1"]
[EndTime "11:27:45 PDT"]
[Termination "BJthechessgod won by checkmate"]

1. e4 e6 2. d4 d5 3. Nc3 Nf6 4. e5 Nfd7 5. f4 c5 6. Nf3 Nc6 7. Be3 Qb6 8. Qd2 cxd4 9. Nxd4 Nxd4 10. Bxd4 Qd8 11. Qf2 a6 12. Bd3 Qc7 13. O-O Nc5 14. Be2 g6 15. Rad1 b5 16. a3 Bd7 17. Bf3 Rc8 18. g4 Bg7 19. f5 Bxe5 20. Nxd5 exd5 21. Bxe5 Qxe5 22. Rxd5 Qc7 23. Re1+ Kf8 24. Qd4 Rg8 25. Qe3 Kg7 26. Qc3+ Kf8 27. Qe3 Kg7 28. b4 Ne6 29.
fxe6 Bxe6 30. Qd4+ Kf8 31. Rxe6 fxe6 32. Rd7 Ke8 33.
Rxc7 Rxc7 34. Qd6 Re7 35. Bc6+ Kf7 36. Qf4+ Kg7 37. Qe5+ Kf7 38. g5 Rg7 39. Qf6+ Kg8 40. Qe5 Rgf7 41. Be4 Rf8 42. Bd3 Ref7 43. c4 Rf3 44.
Qxe6+ Kg7 45. Qe5+ Kg8 46. Be2 R3f5 47. Qe6+ Kg7 48. cxb5 axb5 49. Qe7+ R8f7 50. Qe6 Rxg5+ 51. Kh1 Rgf5 52. h4 Rf4 53. Bxb5 Rxh4+ 54. Kg2 Rh5 55. Bc4 Rg5+ 56. Kh3 Rf3+ 57. Kh4 Rgg3 58. Qe7+ Kh6 59. Qe6 Rg1 60. Qb6 Rf2 61. Qxf2 g5+ 62. Kh3 Ra1 63. Kh2 Rxa3 64. Qf6+ Kh5 65. Be2+ Kh4 66. Qh6# 1-0

[Event "*** Titled Tuesday Blitz"]
[Site "Chess.com"]
[Date "2021.04.20"]
[Round "8"]
[White "Komiagina_Maria"]
[Black "catzapto"]
[Result "1/2-1/2"]
[WhiteElo "2219"]
[BlackElo "2107"]
[TimeControl "180+1"]
[EndTime "11:27:47 PDT"]
[Termination "Game drawn - insufficient material"]

1. e4 c5 2. Nf3 e6 3. d4 cxd4 4. Nxd4 Nf6 5. Nc3 Bb4 6. e5 Nd5 7. Bd2 Qa5 8. Nxd5 Bxd2+ 9. Qxd2 Qxd5 10. O-O-O Qxe5 11. f4 Qc5 12. f5 O-O 13. Qg5 Nc6 14. Nxc6 bxc6 15. Bd3 f6 16. Qh4 e5 17. g4 Qe3+ 18.
Kb1 Qg5 19. Qf2 d5 20. Qc5 Bd7 21. h4 Qf4 22. g5 Rab8 23. a3 Qd4 24. Qxd4 exd4 25.
Rhe1 Rfe8 26. gxf6 Rxe1 27. Rxe1 gxf6 28. Re7 Rd8 29.
Kc1 c5 30. b3 Kf8 31. Rxh7 c4 32. bxc4 dxc4 33. Bxc4 Bxf5 34. Rh8+ Ke7 35. Rxd8 Kxd8 36. Kd2 Ke7 37. Bd3 Bg4 38. Bg6 f5 39. Kd3 Kf6 40.
Be8 Bd1 41. Kxd4 Bxc2 42. Ke3 Ke5 43. h5 f4+ 44. Kf3 Be4+ 45. Kf2 f3 46. h6 Kf4 47. Bf7 Bh7 48. Bh5 Kg5 49. Bxf3 Kxh6 50. a4 Kg5 51. a5 Kf6 52. a6 Ke7 53. Bb7 Bd3 54.
Ke3 Bxa6 55. Bxa6 Kd6 56. Kd4 Kc7 57. Bb5 Kb6 58. Kc4 a5 59. Ba4 Ka6 60. Kc5 Ka7 61. Kb5 Kb7 62. Kxa5 1/2-1/2

[Event "*** Titled Tuesday Blitz"]
[Site "Chess.com"]
[Date "2021.04.20"]
[Round "8"]
[White "attack2mateU"]
[Black "sara_khm"]
[Result "1-0"]
[WhiteElo "2707"]
[BlackElo "2539"]
[TimeControl "180+1"]
[EndTime "11:27:49 PDT"]
[Termination "attack2mateU won by resignation"]

1. e4 e5 2. Nf3 Nc6 3. Bc4 Bc5 4. c3 Nf6 5. d4 exd4 6. e5 d5 7. Bb5 Ne4 8. cxd4 Bb6 9. Nc3 Bg4 10. Be3 O-O 11. h3 Bh5 12. Qc2 Bg6 13. Qb3 Ne7 14. O-O c6 15. Bd3 Nd2 16. Nxd2 Bxd3 17. Rfe1 Bg6 18. Na4 f6 19. exf6 Rxf6 20. Nxb6 axb6 21.
Bg5 Rf7 22. Qb4 c5 23. dxc5 Nc6 24. Bxd8 Nxb4 25. Re8+ Rf8 26. Rxf8+ Kxf8 27. Bxb6 Nc2 28. Rd1 Rxa2 29. Nf3 Nb4 30. Rd2 h6 31. Ne5 Bf5 32. g4 Be6 33. f4 Ra1+ 34. Kf2 Nc6 35. Nxc6 bxc6 36. f5 Bc8 37. Bc7 Ba6 38. Rd4 Rf1+ 39. Kg3 Rc1 40. Ra4 Bb5 41. Ra8+ Ke7 42. Ra7 Ke8 43. Bd6 Rg1+ 44. Kf4 Rf1+ 45. Ke3 Rh1 46. Rxg7 Rxh3+ 47. Kf4 Rh1 48. f6 Rf1+ 49. Ke5 Re1+ 50. Kf5 Bd3+ 51. Kf4 Rf1+ 52. Ke5 Re1+ 53. Kd4 Rf1 54.
Kxd3 Rf3+ 55. Kd4 Rxf6 56. Ke5 Rf1 57. Ke6 Re1+ 58. Be5 Kf8 59. Rh7 Rxe5+ 60. Kxe5 1-0

[Event "*** Titled Tuesday Blitz"]
[Site "Chess.com"]
[Date "2021.04.20"]
[Round "8"]
[White "OriTaichman"]
[Black "northridgehawk"]
[Result "1-0"]
[WhiteElo "2557"]
[BlackElo "2330"]
[TimeControl "180+1"]
[EndTime "11:27:50 PDT"]
[Termination "OriTaichman won by checkmate"]

1. e4 e5 2. d4 exd4 3. Qxd4 Nc6 4. Qe3 Nf6 5. Nc3 Bb4 6. Bd2 d6 7. O-O-O O-O 8. Qg3 a5 9. f3 a4 10. a3 Bc5 11. h4 Ne5 12. h5 Re8 13. h6 g6 14.
Bg5 Be6 15. f4 Ned7 16. f5 Ba2 17. fxg6 hxg6 18. h7+ Kh8 19. Nxa2 Nxe4 20. Bxd8 Nxg3 21. Rh3 Nxf1 22. Bxc7 Ne3 23. Rxd6 Bxd6 24. Bxd6 Nf5 25. Bb4 Rac8 26. g4 Ng7 27. Nf3 f6 28. Bc3 Rc6 29. Nb4 Rce6 30. Nd5 Rf8 31. Kb1 Rf7 32. g5 Nh5 33. gxf6 Ndxf6 34. Ng5 Re1+ 35. Bxe1 Nxd5 36.
Nxf7+ Kxh7 37. Nd6 b6 38. Ne4 Nf4 39. Rh2 Kh6 40. Bd2 g5 41. Bxf4 gxf4 42. Nf6 Kg5 43. Nxh5 f3 44. Rf2 Kg4 45. b3 b5 46. bxa4 bxa4 47. Kb2 Kf5 48. Kc3 Ke4 49. Ng3+ Ke3 50. Rxf3+ Kxf3 51. Nf5 Ke4 52. Nd4 Kd5 53. Kd3 Kc5 54.
c4 Kd6 55. Kc3 Kc5 56. Nc2 Kb6 57. Ne1 Ka5 58. Nd3 Kb6 59. Kb4 Kc6 60. Kxa4 Kb6 61.
Kb4 Ka6 62. a4 Kb6 63. a5+ Kc6 64. c5 Kb7 65. Kb5 Ka7 66. c6 Kb8 67. Kb6 Ka8 68. Nc5 Kb8 69. a6 Ka8 70. Ne6 Kb8 71.
Nd4 Ka8 72. Nb5 Kb8 73. a7+ Kc8 74. a8=Q# 1-0

[Event "*** Titled Tuesday Blitz"]
[Site "Chess.com"]
[Date "2021.04.20"]
[Round "8"]
[White "jucAxx"]
[Black "Matensien"]
[Result "0-1"]
[WhiteElo "2152"]
[BlackElo "2388"]
[TimeControl "180+1"]
[EndTime "11:27:51 PDT"]
[Termination "Matensien won by resignation"]

1. e4 c5 2. c3 g6 3. Nf3 Bg7 4. d4 cxd4 5. cxd4 d5 6. exd5 Nf6 7. Nc3 Nxd5 8. Bc4 Nb6 9. Bb3 Nc6 10. O-O O-O 11.
h3 Nxd4 12. Nxd4 Qxd4 13. Qf3 Qf6 14. Qe4 Qc6 15. Qxe7 Bf5 16. Rd1 Rae8 17. Qb4 Bxc3 18. Qxc3 Qxc3 19. bxc3 Rc8 20. Bh6 Rfe8 21. Re1 Be6 22.
Rac1 a5 23. Bxe6 Rxe6 24. Rxe6 fxe6 25. Rb1 Rc6 26. c4 Nxc4 27. Rxb7 Rc8 28. Rg7+ Kh8 29. Re7 e5 30. Ra7 Kg8 31. Rg7+ Kh8 32. Ra7 Kg8 33. Kh2 Kh8 34. Kg3 Nd6 35. Bg7+ Kg8 36. Bxe5 Nf5+ 37.
Kh2 Rc2 38. Rxa5 Rxf2 39. Kg1 Re2 40. Bf4 Rc2 41. Ra7 Nd4 42. Ra8+ Kf7 43. Ra7+ Ke6 44. Be3 Ne2+ 45. Kh2 Nc3 46. a4 h5 47. a5 Nd5 48.
Ra6+ Kf5 49. Bb6 Nf4 50. Ra8 Rxg2+ 51. Kh1 Ra2 52. Rf8+ Ke4 53. Bc7 g5 54. Bxf4 gxf4 55.
Rh8 Rxa5 56. Kh2 Kf3 57. Rxh5 Rxh5 0-1

[Event "*** Titled Tuesday Blitz"]
[Site "Chess.com"]
[Date "2021.04.20"]
[Round "8"]
[White "Sadykov_Ramil"]
[Black "scarabee43"]
[Result "1/2-1/2"]
[WhiteElo "2490"]
[BlackElo "2634"]
[TimeControl "180+1"]
[EndTime "11:27:52 PDT"]
[Termination "Game drawn by repetition"]

1. e4 c5 2. Nf3 e6 3. d4 cxd4 4.
Nxd4 Nc6 5. Nc3 Qc7 6. Be3 a6 7. Qf3 Bd6 8. O-O-O Be5 9. Nxc6 bxc6 10. Bd4 Nf6 11.
Bxe5 Qxe5 12. Qe3 Ng4 13. Qe1 Nf6 14. g3 O-O 15. f4 Qc7 16. e5 Nd5 17. Bd3 a5 18.
Qe4 g6 19. Qe1 Ba6 20. Bxa6 Rxa6 21. Ne4 Rb8 22. c4 Nb6 23. Qe2 Ra7 24. h4 Qb7 25. Nc5 Qc8 26. h5 Qf8 27. Ne4 d5 28. exd6 Qg7 29.
h6 Qh8 30. Nc5 Nd7 31. Nxd7 Rxd7 32. Qe5 Qxe5 33. fxe5 Rdb7 34. Rh2 Rd8 35. Kc2 c5 36. Kc3 Rbd7 37. Rf2 f5 38. exf6 Rxd6 39. Rxd6 Rxd6 40. f7+ Kf8 41. a3 Rd1 42. b4 axb4+ 43. axb4 cxb4+ 44. Kxb4 e5 45. c5 Rb1+ 46. Kc4 Rc1+ 47. Kd5 e4 48. c6 e3 49. Re2 Rc3 50. Kd6 Kxf7 51. c7 Rd3+ 52. Kc6 Rc3+ 53. Kb7 Rb3+ 54. Ka6 Rc3 55. Kb6 Rb3+ 56. Ka5 Rc3 57. Kb6 Rb3+ 58. Kc5 Rc3+ 59.
Kd6 Rd3+ 60. Kc6 Rc3+ 61. Kb7 Rb3+ 62. Ka7 Rc3 63. Kb7 1/2-1/2

[Event "*** Titled Tuesday Blitz"]
[Site "Chess.com"]
[Date "2021.04.20"]
[Round "8"]
[White "KuzubovYuriy"]
[Black "FairChess_on_YouTube"]
[Result "1-0"]
[WhiteElo "2884"]
[BlackElo "3014"]
[TimeControl "180+1"]
[EndTime "11:27:56 PDT"]
[Termination "KuzubovYuriy won by resignation"]

1. d4 Nf6 2. c4 e6 3. Nf3 b6 4.
g3 Bb7 5. Bg2 Be7 6. Nc3 Ne4 7.
Bd2 O-O 8. d5 Nxd2 9. Qxd2 d6 10. Nd4 Bf6 11. O-O Bxd4 12. Qxd4 e5 13. Qd2 a5 14. f4 Nd7 15. f5 f6 16. g4 Nc5 17.
b3 Kf7 18. Rab1 Rh8 19. a3 g5 20. fxg6+ hxg6 21. b4 axb4 22. axb4 Nd7 23. Ne4 Kg7 24.
c5 f5 25. gxf5 Nf6 26. Ng5 Bc8 27. cxd6 cxd6 28. fxg6 Ra7 29. Nf7 Rxf7 30. gxf7 Kxf7 31. Rbc1 Rg8 32. Rc3 Ke7 33. Rg3 Rxg3 34. hxg3 Qg8 35. Qh6 Qf7 36. e4 Bd7 37. Qg5 Qf8 38. Rf2 Qh8 39. Bf1 Bc8 40. Be2 Bd7 41. Bh5 Qf8 42. Be2 Qh8 43. Bd3 Qf8 44. Kf1 Qh8 45. Ke2 Qh5+ 46.
Qxh5 Nxh5 47. Kf3 Nf6 48. Ra2 Bg4+ 49. Ke3 Bd1 50. Ra7+ Kd8 51. Rb7 Nd7 52. Bb5 Nf6 53. Rxb6 Ke7 54. Rb7+ Kd8 55. Bd3 Ba4 56. Rf7 Nd7 57.
g4 Ke8 58. Rf5 Ke7 59. g5 Nf8 60. Rf6 Be8 61. b5 Bd7 62. b6 1-0